 Dungeon Crawl Stone Soup version 0.30-a0-422-g946f4849ff (webtiles) character file.

Game seed: 1325033761597514959

1262 Inus the Ducker (level 8, 0/31 HPs)
             Began as a Felid Venom Mage on Dec 9, 2022.
             Was a Believer of Sif Muna.
             Killed by divine providence
             ... invoked by an orc priest
              (14 damage)
             ... on level 7 of the Dungeon.
             The game lasted 00:47:52 (10210 turns).

Inus the Ducker (Felid Venom Mage)                 Turns: 10210, Time: 00:47:53

Health: 0/31       AC:  2    Str:  6    XL:     8   Next: 27%
Magic:  9/17       EV: 36    Int: 16    God:    Sif Muna [**....]
Gold:   263        SH:  0    Dex: 15    Spells: 5/18 levels left
                                        Lives:  0   Deaths: 2

rFire   + . .      SeeInvis +    (weapon unavailable)
rCold   . . .      Faith    .    (shield unavailable)
rNeg    . . .      Spirit   .    (body armour unavailable)
rPois   .          Reflect  .    (helmet unavailable)
rElec   .          Harm     .    (cloak unavailable)
rCorr   .          Rampage  .    (gloves unavailable)
Will    +....                    (boots unavailable)
Stlth   ++++......               g - amulet of the acrobat
HPRegen 0.25/turn                f - ring of protection from fire
MPRegen 0.15/turn                (no ring)

@: acrobatic, quick
A: very small, claws 1, fangs 3, see invisible, speed 1, shaggy fur 2, stealthy
paws, no weapons or thrown items, no armour, multi-lived, clumsy 1
a: Renounce Religion, Channel Magic


You were on level 7 of the Dungeon.
You worshipped Sif Muna.
Sif Muna was pleased with you.
You visited 2 branches of the dungeon, and saw 9 of its levels.
You also visited: Sewer.

You collected 397 gold pieces.
You spent 134 gold pieces at shops.

Inventory:

Jewellery
 f - a ring of protection from fire (left paw)
 g - an amulet of the acrobat (around neck)
Wands
 d - a wand of acid (7)
 e - a wand of iceblast (9)
Scrolls
 a - a scroll of magic mapping
 b - a scroll of teleportation
 c - a scroll of vulnerability
 h - a scroll of torment
 i - a scroll of blinking
 j - a scroll of immolation
 l - a scroll of fog
 n - 2 scrolls of noise
Potions
 k - 2 potions of haste
 m - a potion of lignification
 o - 2 potions of berserk rage {unknown}


   Skills:
 + Level 7.8 Dodging
 + Level 7.2 Stealth
 + Level 5.7 Spellcasting
 - Level 3.1 Conjurations
 - Level 4.1 Hexes
 - Level 3.0 Transmutations
 - Level 3.1 Air Magic
 + Level 5.0 Poison Magic


You had 5 spell levels left.
You knew the following spells:

 Your Spells              Type           Power      Damage    Failure   Level
a - Sting                 Tmut/Pois      68%        1d6       2%          1
b - Poisonous Vapours     Pois/Air       34%        N/A       4%          2
c - Mephitic Cloud        Conj/Pois/Air  16%        N/A       9%          3
d - Olgreb's Toxic Radia  Pois           20%        N/A       17%         4
e - Tukima's Dance        Hex            17%        N/A       8%          3

Your spell library contained the following spells:

 Spells                   Type           Power      Damage    Failure   Level
 Cause Fear               Hex            8%         N/A       26%         4
 Alistair's Intoxication  Tmut/Pois      11%        N/A       58%         5
 Blade Hands              Tmut           7%         N/A       73%         5
 Borgnjor's Vile Clutch   Necr/Erth      2%         N/A       98%         5
 Eringya's Noxious Bog    Tmut/Pois      8%         N/A       99%         6
 Dragon Form              Tmut           7%         N/A       100%        7
 Dragon's Call            Summ           2%         N/A       100%        9
 Portal Projectile        Hex/Tloc       Unusable   N/A       N/A         3

Dungeon Overview and Level Annotations

Branches:
Dungeon (8/15)             Temple (1/1) D:4           Sewer (visited)
   Lair: D:8-11

Altars:
Cheibriados
Elyvilon
Hepliaklqana
Kikubaaqudgha
Sif Muna
Trog

Shops:
D:2 :   D:4 *   D:5 (?!!


Innate Abilities, Weirdness & Mutations

You have sharp claws.
You have razor-sharp teeth.
You have supernaturally acute eyesight. (SInv)
You cover ground quickly. (Speed+)
You are covered in thick fur. (AC +2)
Your paws help you pounce on unaware monsters.
You are incapable of wielding weapons or throwing items.
You cannot wear armour.
You gain extra lives every three experience levels.
You are clumsy. (Dex -2)


Message History

The centaur zombie misses you.
Aiming: Iceblast
Press: ? - help, Shift-Dir - straight line The mass of ice explodes!
The iceblast engulfs the jelly!
You kill the jelly!
Sif Muna accepts your kill.
The iceblast engulfs the centaur zombie.
The centaur zombie partially resists.
The centaur zombie is severely damaged.
The centaur zombie barely misses you.
The centaur zombie closely misses you. x3
The orc priest hits you with a +0 morningstar!
The centaur zombie barely misses you. The centaur zombie misses you.
You climb downwards.
There is a stone staircase leading up, spattered with blood here.
Casting: Tukima's Dance (quite dangerous; 8% risk of failure)
Confirm with . or Enter, or press ? or * to list all spells.
Aiming: Poisonous Vapours (safe; 4% risk of failure)
Press: ? - help, Dir - move target, f - orc priest
Aim: an orc priest, wielding a +0 morningstar Poisonous vapours surround the orc priest!
The orc priest is poisoned.
The orc priest closely misses you.
Casting: Poisonous Vapours (safe; 4% risk of failure)
Confirm with . or Enter, or press ? or * to list all spells.
Aiming: Poisonous Vapours (safe; 4% risk of failure)
Press: ? - help, Dir - move target, f/p - orc priest
Aim: an orc priest, wielding a +0 morningstar (lightly wounded, poisoned) Poisonous vapours surround the orc priest!
The orc priest looks even sicker.
The orc priest closely misses you.
Casting: Poisonous Vapours (safe; 4% risk of failure)
Confirm with . or Enter, or press ? or * to list all spells.
Aiming: Poisonous Vapours (safe; 4% risk of failure)
Press: ? - help, Dir - move target, f/p - orc priest
Aim: an orc priest, wielding a +0 morningstar (moderately wounded, very poisoned) Poisonous vapours surround the orc priest!
The orc priest looks even sicker.
The orc priest hits you with a +0 morningstar!
You see here a +0 scale mail.
The orc priest invokes the aid of Beogh against you.
Beogh smites you!
You die...

...####....#..........####
..######...#..........#
....#.............#####
.##......#....##...#
###.....####.###...#
##....##...##...##
####..###..>..#...#
.#.#..####.##.....#
.....##.##......@##
.##..............[##
###.....#........o<#
......####.........#
.........#........##
.............[...##
##...........#....##
.............#.....#
...............#.###


You could see an orc priest (very poisoned).

Vanquished Creatures
  A water moccasin (D:7)
  An ice beast (D:5)
  Pargi (Sewer)
  A sky beast (D:5)
  An ogre (D:5)
  2 black bears (D:5)
  A centaur (D:8)
  2 phantoms
  A bullfrog (D:7)
  A necrophage (D:4)
  A gnoll sergeant (D:7)
  5 scorpions
  A wight (D:5)
  2 howler monkeys (D:7)
  A centaur zombie (D:6)
  A bullfrog zombie (D:6)
  2 jellies
  2 orc priests
  4 hounds
  A centaur skeleton (D:6)
  3 iguanas (D:5)
  Terence (D:2)
  4 orc wizards
  A killer bee zombie (D:6)
  11 gnolls
  3 adders
  A shadow imp (D:5)
  4 white imps
  3 ufetubi
  2 worms
  2 dart slugs
  23 orcs
  10 endoplasms
  5 giant cockroaches
  6 goblins
  8 hobgoblins
  6 jackals
  9 kobolds
  3 quokkas
  6 ball pythons
  4 bats
  2 frilled lizards
  6 rats
155 creatures vanquished.

Vanquished Creatures (collateral kills)
  2 wights (D:5)
  An orc (D:7)
3 creatures vanquished.

Vanquished Creatures (others)
  A dancing weapon (D:5)
1 creature vanquished.

Grand Total: 159 creatures vanquished

Notes
Turn   | Place    | Note
-------+----------+-------------------------------------------
     0 | D:1      | Inus the Felid Venom Mage began the quest for the Orb.
     0 | D:1      | Reached XP level 1. HP: 7/7 MP: 4/4
   262 | D:1      | Reached XP level 2. HP: 11/11 MP: 6/6
   648 | D:1      | Learned a level 2 spell: Poisonous Vapours
   834 | D:2      | Reached XP level 3. HP: 14/14 MP: 0/7
  1041 | D:2      | Noticed Terence
  1056 | D:2      | Killed Terence
  1148 | D:2      | Reached XP level 4. HP: 13/18 MP: 8/8
  1679 | D:2      | Learned a level 3 spell: Mephitic Cloud
  1925 | D:2      | Found Xousek's Book Emporium.
  2080 | D:2      | Gained mutation: You are clumsy. (Dex -2) [potion of
                  | mutation]
  2253 | D:3      | Found a faded altar of an unknown god.
  2477 | D:3      | Identified the +1 scale mail of Sin {rElec rF+}
  2838 | D:4      | Noticed a scorpion
  2853 | D:4      | Killed a scorpion
  2854 | D:4      | Reached skill level 1 in Conjurations
  2854 | D:4      | Reached skill level 1 in Air Magic
  2854 | D:4      | Reached XP level 5. HP: 21/21 MP: 1/10
  2891 | D:4      | Found Feumn's Gadget Gallery.
  2936 | D:4      | Found a staircase to the Ecumenical Temple.
  2950 | Temple   | Entered the Ecumenical Temple
  3082 | Temple   | Became a worshipper of Sif Muna the Loreminder
  3136 | D:4      | Found a glowing drain.
  3145 | Sewer    | Entered a sewer
  3217 | Sewer    | Noticed Pargi
  3231 | Sewer    | Killed Pargi
  3232 | Sewer    | Gained mutation: You are covered in thick fur. (AC +2)
                  | [Felid growth]
  3232 | Sewer    | Reached XP level 6. HP: 24/24 MP: 8/11
  3420 | Sewer    | Learned a level 4 spell: Olgreb's Toxic Radiance
  4050 | D:4      | Reached skill level 5 in Dodging
  4246 | D:5      | Entered Level 5 of the Dungeon
  4255 | D:5      | Found Cygiv's Antique Weapon Emporium.
  4455 | D:5      | Reached * piety under Sif Muna
  4711 | D:4      | Reached XP level 7. HP: 27/27 MP: 5/12
  4834 | D:5      | Found Xixokixt's Distillery.
  4962 | D:5      | Found Babohyro's Magic Scroll Shoppe.
  5281 | D:5      | Found Piusui's Distillery.
  6215 | D:4      | HP: 1/27 [phantom (5)]
  6637 | D:5      | Learned a level 3 spell: Tukima's Dance
  6892 | D:5      | Reached skill level 1 in Hexes
  6892 | D:5      | Reached XP level 8. HP: 15/31 MP: 12/14
  7401 | D:5      | Reached skill level 5 in Stealth
  7899 | D:6      | Reached ** piety under Sif Muna
  7954 | D:6      | Reached skill level 5 in Spellcasting
  7972 | D:6      | Killed from afar by a white imp
  7973 | D:6      | Reached XP level 7. HP: 0/27 MP: 15/15
  8266 | D:5      | Slain by a sky beast
  8267 | D:5      | Reached XP level 6. HP: -3/24 MP: 5/14
  8274 | D:5      | Killed a sky beast
  8275 | D:5      | Reached XP level 7. HP: 27/27 MP: 15/15
  8575 | D:4      | Bought a wand of iceblast (4) for 134 gold pieces
  9281 | D:7      | You fall into a shaft and drop 1 floor!
  9476 | D:7      | Reached XP level 8. HP: 8/31 MP: 6/17
 10148 | D:7      | Reached skill level 5 in Poison Magic
 10210 | D:7      | Killed from afar by an orc priest

Illustrated notes

Levels and vault maps discovered:
D:1:      scummos_arrival_forest, layout_rooms, minmay_pentomino_o2
D:2:      layout_loops_ring, serial_shops, nicolae_shop_statue_plus,
          uniq_terence
D:3:      layout_basic, ebering_ecumenical_altar_hall, grunt_decor_junction
D:4:      layout_basic, minmay_temple_entry_slanted, portal_sewer_entry_b,
          nicolae_shop_gadgets
D:5:      layout_gridville, serial_shops, nicolae_diamond_shop, shop,
          shop_statue, nicolae_take_the_stairs
D:6:      layout_cave_pools, serial_undead, serial_undead_d, serial_undead_a,
          serial_undead_d, serial_undead_d, serial_undead_e, serial_undead_d
D:7:      layout_cave_pools, dreamdust_princess_bridge
D:8:      kennysheep_blocky_room, layout_basic
Temple:   hellmonk_temple_beads

Skill      XL: |  1  2  3  4  5  6  7  8 |
---------------+-------------------------+-----
Stealth        | 3 4 6 7 |  7.2
Dodging        | 3 4 7 6 |  7.8
Poison Magic   | 3 5 |  5.0
Transmutations | 2 3 |  3.0
Conjurations   | 1 2 3 |  3.1
Air Magic      | 1 2 3 |  3.1
Spellcasting   | 3 5 |  5.7
Hexes          | 1 4 |  4.1

Action                   |  1- 3 |  4- 6 |  7- 9 || total
-------------------------+-------+-------+-------++-------
Melee: Unarmed           |    39 |   144 |   283 ||   466
       Bite              |     3 |    14 |    42 ||    59
       Punch             |       |     2 |     6 ||     8
 Cast: Sting             |    29 |    61 |    46 ||   136
       Poisonous Vapours |     7 |    32 |    52 ||    91
       Mephitic Cloud    |       |     3 |     3 ||     6
       Olgreb's Toxic Ra |       |     1 |     8 ||     9
       Tukima's Dance    |       |       |    12 ||    12
Evoke: Wand              |       |       |    39 ||    39
  Use: Scroll            |     3 |     5 |     9 ||    17
       Potion            |     3 |     5 |     3 ||    11
 Stab: Sleeping          |     2 |     2 |       ||     4
       Distracted        |     1 |       |       ||     1
       Confused          |       |       |     1 ||     1
       Invisible         |       |       |     1 ||     1
Armor: Skin              |     1 |     5 |    35 ||    41
Dodge: Dodged            |    42 |   118 |   431 ||   591

Table legend: (Time is in decaauts)
 A = Elapsed time spent in this place.
 B = Non-inter-level travel time spent in this place.
 C = Inter-level travel time spent in this place.
 D = Time resting spent in this place.
 E = Time spent auto-exploring this place.
 F = Levels seen in this place.
 G = Mean time per level.
                   A        B        C        D        E       F      G
               +--------+--------+--------+--------+--------+-----+--------+
         Total |   9086 |   7804 |   1282 |   1215 |   4374 |  10 |  908.6 |
       Dungeon |   8688 |   7467 |   1221 |   1142 |   4303 |   8 | 1086.0 |
        Temple |    144 |     84 |     60 |      0 |     66 |   1 |  144.0 |
         Sewer |    254 |    254 |      0 |     73 |      5 |   1 |  254.0 |
               +--------+--------+--------+--------+--------+-----+--------+

Top non-repeatable levels by time:
     D:5: 3574 daAuts
     D:4: 1385 daAuts
     D:2: 1110 daAuts
     D:3: 779 daAuts
     D:1: 736 daAuts
     D:7: 684 daAuts
     D:6: 282 daAuts
   Sewer: 254 daAuts
  Temple: 144 daAuts
     D:8: 135 daAuts
